 Dungeon Crawl Stone Soup version 0.31.0-9-g3a7656b989 (webtiles) character file.

Game seed: 16968303391339009189

370 EnegeticOcto the Trooper (level 6, -1/55 HPs)
             Began as a Ghoul Fighter on Jan 28, 2024.
             Slain by a kobold brigand
             ... wielding a +1 dagger of speed
              (6 damage)
             ... on level 4 of the Dungeon.
             The game lasted 00:03:22 (2726 turns).

EnegeticOcto the Trooper (Ghoul Fighter)            Turns: 2726, Time: 00:03:23

Health: -1/55      AC:  6    Str: 22    XL:     6   Next: 70%
Magic:  6/6        EV:  9    Int:  7    God:
Gold:   175        SH:  4    Dex:  8    Spells: 5/5 levels left

rFire   . . .        a - +0 flail
rCold   + . .        c - +0 buckler
rNeg    + + +        b - +0 scale mail
rPois   ∞            (no helmet)
rElec   .            (no cloak)
rCorr   .            (no gloves)
SInv    .            (no boots)
Will    .....        o - amulet of regeneration Stlth
                     (no ring)
HPRegen 0.00/turn    (no ring)
MPRegen 0.10/turn

%: no passive effects
@: inhibited regen
A: claws 1, cold resistance 1, negative energy resistance 3, inhibited
regeneration, torment resistance 2, devour on kill
a: no special abilities


You were on level 4 of the Dungeon.
You visited 1 branch of the dungeon, and saw 4 of its levels.

You collected 175 gold pieces.

Inventory:

Hand Weapons
 a - a +0 flail (weapon)
Missiles
 j - 5 boomerangs (quivered)
Armour
 b - a +0 scale mail (worn)
 c - a +0 buckler (worn)
Jewellery
 o - an amulet of regeneration (around neck)
   (You found it on level 3 of the Dungeon)
 p - a ring of flight
   (You found it on level 3 of the Dungeon)
Scrolls
 e - a scroll of enchant weapon {unknown}
 i - a scroll of poison {!r}
 l - a scroll of fog {!r}
Potions
 d - 4 potions of might {@q3 !q}
 k - 2 potions of mutation {unknown}
 m - 2 potions of curing {unknown}
 n - a potion of attraction {unknown}


   Skills:
 + Level 4.9 Fighting
 * Level 4.6 Maces & Flails
 - Level 2.6 Armour
 + Level 4.0 Shields


You had 5 spell levels left.
You didn't know any spells.
Your spell library contained the following spells:

 Spells                   Type           Power      Damage    Failure   Level
 Foxfire                  Conj/Fire      0%         2x1d4     83%         1
 Mercury Vapours          Alch/Air       0%         N/A       92%         2
 Dazzling Flash           Conj/Hex       0%         N/A       99%         3
 Mephitic Cloud           Conj/Alch/Air  0%         N/A       99%         3
 Volatile Blastmotes      Fire/Tloc      0%         2d10      99%         3
 Freezing Cloud           Conj/Ice/Air   0%         6-21      100%        5
 Plasma Beam              Fire/Air       0%         2x1d10    100%        6
 Starburst                Conj/Fire      0%         6d3       100%        6
 Maxwell's Capacitive Co  Air            0%         ∞         100%        8


Dungeon Overview and Level Annotations

Branches:
Dungeon (4/15) Zot: 21163
 Temple: D:4-7

Altars:
Xom


Innate Abilities, Weirdness & Mutations

You are immune to poison.
You have sharp fingernails.
Your flesh is cold resistant. (rC+)
You are immune to negative energy. (rN+++)
You do not regenerate when monsters are visible.
You are immune to unholy pain and torment.
You thrive by killing the living.


Message History

A kobold comes into view. It is wielding a +0 dagger.
The kobold shouts!
You hit the kobold.
The kobold is moderately wounded.
You hear a shout!
The kobold hits you but does no damage. x2
You closely miss the kobold.
The kobold is moderately wounded.
The kobold hits you with a +0 club.
You barely miss the kobold. The kobold hits you but does no damage.
You hit the kobold.
You kill the kobold!
A kobold brigand comes into view.
It is wielding a +1 dagger of speed and quivering poisoned darts.
The kobold hits you but does no damage.
You see here a +0 club.
You closely miss the kobold. The kobold hits you but does no damage.
The kobold brigand throws a poisoned dart.
The poisoned dart hits you!
You hit the kobold.
The kobold is severely wounded.
The kobold hits you but does no damage.
You closely miss the kobold.
The kobold is severely wounded.
The kobold hits you with a +0 dagger.
The kobold brigand throws a poisoned dart.
The poisoned dart closely misses you.
You thump the kobold!
You kill the kobold!
The kobold brigand throws a poisoned dart.
The poisoned dart hits you! You block the kobold brigand's attack.
You hit the kobold brigand but do no damage.
The kobold brigand barely misses you.
The kobold brigand hits you with a +1 dagger of speed.
You closely miss the kobold brigand.
The kobold brigand hits you with a +1 dagger of speed. x2
You are too injured to fight recklessly!
You are too injured to fight recklessly!
You are too injured to fight recklessly!
You are too injured to fight recklessly!
You are too injured to fight recklessly!
You are too injured to fight recklessly!
You are too injured to fight recklessly!
You are too injured to fight recklessly!
You are too injured to fight recklessly!
You are too injured to fight recklessly!
You completely miss the kobold brigand.
The kobold brigand hits you with a +1 dagger of speed.
You block the kobold brigand's attack.
You hit the kobold brigand but do no damage.
The kobold brigand completely misses you.
The kobold brigand closely misses you.
You sock the kobold brigand!
The kobold brigand is heavily wounded.
The kobold brigand hits you with a +1 dagger of speed.
You closely miss the kobold brigand.
The kobold brigand is heavily wounded.
The kobold brigand hits you with a +1 dagger of speed.
The kobold brigand hits you but does no damage.
You closely miss the kobold brigand.
The kobold brigand is heavily wounded.
The kobold brigand hits you with a +1 dagger of speed.
The kobold brigand closely misses you.
You barely miss the kobold brigand.
The kobold brigand is heavily wounded.
The kobold brigand hits you with a +1 dagger of speed.
The kobold brigand misses you.
You closely miss the kobold brigand.
The kobold brigand is heavily wounded.
The kobold brigand hits you with a +1 dagger of speed.
The kobold brigand hits you but does no damage.
Press: ? - help, v - describe, . - travel
Here: a kobold brigand, wielding a +1 dagger of speed and quivering poisoned darts (heavily wounded)
The floor, spattered with blood.
You barely miss the kobold brigand.
The kobold brigand is heavily wounded.
The kobold brigand hits you with a +1 dagger of speed.
* * * LOW HITPOINT WARNING * * *
The kobold brigand hits you but does no damage.
You barely miss the kobold brigand.
The kobold brigand is heavily wounded.
The kobold brigand barely misses you.
You hit the kobold brigand.
The kobold brigand is heavily wounded.
The kobold brigand hits you with a +1 dagger of speed.
* * * LOW HITPOINT WARNING * * *
The kobold brigand closely misses you.
You closely miss the kobold brigand.
The kobold brigand is heavily wounded.
The kobold brigand completely misses you.
The kobold brigand hits you with a +1 dagger of speed.
* * * LOW HITPOINT WARNING * * *
You barely miss the kobold brigand.
The kobold brigand is heavily wounded.
The kobold brigand hits you but does no damage.
You hit the kobold brigand.
The kobold brigand is almost dead.
You block the kobold brigand's attack.
The kobold brigand hits you with a +1 dagger of speed.
You die...

###### # #....#
########## #.)..#
#.......##
#.)#.####.......##
#.)#............##
#.)#~#..#.......##
##))#~~#.#.#######
#..##~~#.#.......#
#.@#≈~~~.#†......#
#.K#≈≈~~.........#
#..#≈≈~~#........#
#..##~~##........#
##..#~~##........#
#..# ~##........#
##. ##........# ..
##.......##
#......>..


You could see a kobold brigand.

Vanquished Creatures
  An ogre (D:4)
  A scorpion (D:4)
  A bombardier beetle (D:4)
  2 sleepcaps (D:4)
  An iguana (D:4)
  3 adders
  2 dart slugs
  3 ribbon worms (D:3)
  An orc (D:3)
  8 ball pythons
  5 endoplasms (D:1)
  6 giant cockroaches
  9 goblins
  6 hobgoblins
  3 jackals (D:1)
  10 kobolds
  2 quokkas
  6 bats
  3 rats
73 creatures vanquished.

Notes
Turn   | Place    | Note
-------+----------+-------------------------------------------
     0 | D:1      | EnegeticOcto the Ghoul Fighter began the quest for the Orb.
     0 | D:1      | Reached XP level 1. HP: 19/19 MP: 1/1
    73 | D:1      | Reached skill level 2 in Maces & Flails
   199 | D:1      | Reached XP level 2. HP: 19/26 MP: 2/2
   382 | D:1      | Reached skill level 3 in Shields
   382 | D:1      | Reached XP level 3. HP: 28/31 MP: 3/3
  1394 | D:2      | Reached skill level 3 in Maces & Flails
  1394 | D:2      | Reached XP level 4. HP: 27/40 MP: 4/4
  1493 | D:3      | Found a shimmering altar of Xom.
  1754 | D:3      | Reached skill level 4 in Fighting
  2413 | D:4      | Reached XP level 5. HP: 23/46 MP: 5/5
  2576 | D:4      | Reached skill level 4 in Maces & Flails
  2576 | D:4      | Reached XP level 6. HP: 47/53 MP: 6/6
  2626 | D:4      | Reached skill level 4 in Shields
  2726 | D:4      | Slain by a kobold brigand

Illustrated notes

Levels and vault maps discovered:
D:1:      heliophobic_arrival_enchanted_forest, layout_basic,
          minmay_pentomino_o2
D:2:      layout_rooms
D:3:      layout_basic, lemuel_crystal_altar
D:4:      cheibrodos_thug_alley, layout_basic, temple_green,
          minmay_crystal_room, kennysheep_small_circle

Skill      XL: |  1  2  3  4  5  6 |
---------------+-------------------+-----
Maces & Flails | 2 3 4 |  4.6
Shields        | 3 4 |  4.0
Fighting       | 4 |  4.9
Armour         | |  2.6

Action                     |  1- 3 |  4- 6 || total
---------------------------+-------+-------++-------
  Melee: Flail             |   171 |   165 ||   336
    Use: Scroll            |       |     5 ||     5
 Armour: Scale mail        |   167 |   150 ||   317
  Dodge: Dodged            |   111 |    73 ||   184
  Block: Buckler           |    46 |    36 ||    82

Table legend:
 A = Kills in this place as a percentage of kills in the entire game.
 B = Kills by you in this place as a percentage of kills by you in the entire game.
 C = Kills by friends in this place as a percentage of kills by friends in the entire game.
 D = Other kills in this place as a percentage of other kills in the entire game.
 E = Experience gained in this place as a percentage of experience gained in the entire game.
 F = Experience gained in this place divided by the number of levels of this place that you have seen.
                   A       B       C       D       E      F
               +-------+-------+-------+-------+-------+----------------------
         Total | 100.0 | 100.0 |   N/A |   N/A | 100.0 | 132.2
       Dungeon | 100.0 | 100.0 |   N/A |   N/A | 100.0 | 132.2
               +-------+-------+-------+-------+-------+----------------------
